 Dungeon Crawl Stone Soup version 0.21-a0-260-g9b2435e (webtiles) character file.

737 sveltemanboy the Covered (level 7, -11/54 HPs)
             Began as a Demonspawn Monk on Sept 7, 2017.
             Mangled by Pikel
             ... wielding a +1 whip of electrocution
              (19 damage)
             ... on level 5 of the Dungeon.
             The game lasted 00:07:50 (4204 turns).

sveltemanboy the Covered (Demonspawn Monk)          Turns: 4204, Time: 00:07:51

Health: -11/54     AC: 16    Str: 14    XL:     7   Next: 46%
Magic:  7/7        EV: 18    Int: 11    God:
Gold:   158        SH:  0    Dex: 20    Spells: 6/6 levels left

rFire    . . .     SeeInvis .   b - +2 whip (venom)
rCold    . . .     Gourm    .   (no shield)
rNeg     . . .     Faith    .   g - +0 ring mail
rPois    .         Spirit   .   (helmet restricted)
rElec    .         Reflect  .   (no cloak)
rCorr    .         Harm     .   f - +0 pair of gloves
MR       .....                  (no boots)
Stlth    +++.......             (no amulet)
HPRegen  0.18/turn              (no ring)
MPRegen  0.10/turn              (no ring)

@: agile, lethally poisoned (-11 -> -15), sanguine armour, flying
A: horns 1, powered by pain 1, sanguine armour 2
a: no special abilities


You were on level 5 of the Dungeon.
You were not hungry.

You visited 1 branch of the dungeon, and saw 5 of its levels.

You collected 229 gold pieces.
You spent 71 gold pieces at shops.

Inventory:

Hand Weapons
 a - a +0 war axe
 b - a +2 whip of venom (weapon)
Armour
 f - a +0 pair of gloves (worn)
 g - a +0 ring mail (worn)
Scrolls
 j - 5 scrolls of identify {unknown}
 k - a scroll of fear {unknown}
 l - 3 scrolls of teleportation
 p - a scroll of enchant armour {unknown}
 s - a scroll of recharging {unknown}
Potions
 e - 2 potions of flight
 h - a potion of might {unknown}
 n - a potion of brilliance {unknown}
 o - a potion of degeneration {unknown}
Comestibles
 c - 2 bread rations
 i - 8 fruits
 m - a royal jelly
 r - a meat ration


   Skills:
 - Level 4.0 Fighting
 * Level 4.6 Axes
 * Level 4.8 Armour
 + Level 4.2 Dodging
 - Level 1.7 Stealth


You had 6 spell levels left.
You didn't know any spells.

Dungeon Overview and Level Annotations

Branches:
Dungeon (5/15)
 Temple: D:4-7

Altars:
Hepliaklqana

Shops:
D:4 =

Annotations:
D:5 Pikel


Innate Abilities, Weirdness & Mutations

You have a pair of small horns on your head.
You sometimes gain a little power by taking damage.
When seriously injured, your bleeding wounds create thick armour. (AC +9)


Message History

You are poisoned.
The killer bee poisons you!
You closely miss the killer bee.
The killer bee is almost dead.
You feel sick.
You kill the killer bee!
You hit Pikel but do no damage. You headbutt Pikel, but do no damage.
You feel sick.
Pikel hits you with a whip of electrocution.
You are electrocuted!
* * * LOW HITPOINT WARNING * * *
You focus on the pain.
You feel agile all of a sudden.
It was a potion of flight.
You feel very buoyant.
You fly up into the air.
You feel sick.
Pikel hits you with a whip of electrocution.
* * * LOW HITPOINT WARNING * * *
You are electrocuted!
You die...

... ... ... #. #p#
#.# #p# #.# #Z#
!..... #.# #p#
....a. #.# #K#
...... #.# #@#
......
..#####.####.###..>
.....F
....................
......
.#####.####.###....
......
#.#.......#...
.....y #..........#.
##.... #.......>...#
##.##
#.#####......<....#
#
#.................#


You could see Pikel, 3 slaves and a bullfrog zombie.

Vanquished Creatures
  Prince Ribbit (D:5)
  A slave (D:5)
  A centaur (D:4)
  3 killer bees
  2 orc priests
  An orc wizard (D:3)
  Natasha (thrice) (D:4)
  A worker ant (D:5)
  A hound zombie (D:3)
  2 hound skeletons (D:4)
  3 adders
  An ooze (D:2)
  A worm (D:2)
  2 dart slugs
  2 leopard geckos
  5 orcs (D:3)
  7 bats
  5 giant cockroaches
  5 goblins
  8 hobgoblins
  3 jackals (D:5)
  8 kobolds
  3 quokkas
  2 ball pythons
  6 frilled lizards
  7 rats
84 creatures vanquished.

Notes
Turn   | Place    | Note
-------+----------+-------------------------------------------
     0 | D:1      | sveltemanboy the Demonspawn Monk began the quest for the Orb.
     0 | D:1      | Reached XP level 1. HP: 18/18 MP: 1/1
   133 | D:1      | You fall through a shaft!
   193 | D:2      | Reached skill level 1 in Armour
   283 | D:1      | Gained mutation: When seriously injured, your bleeding wounds create armour. (AC +9) [demonic ancestry]
   283 | D:1      | Reached XP level 2. HP: 24/24 MP: 2/2
   895 | D:2      | Reached XP level 3. HP: 29/29 MP: 3/3
  1512 | D:2      | Found a hazy altar of Hepliaklqana.
  1594 | D:2      | Gained mutation: You sometimes gain a little power by taking damage. [demonic ancestry]
  1594 | D:2      | Reached XP level 4. HP: 29/36 MP: 4/4
  2277 | D:3      | Gained mutation: When seriously injured, your bleeding wounds create thick armour. (AC +9) [demonic ancestry]
  2277 | D:3      | Reached XP level 5. HP: 27/42 MP: 5/5
  2768 | D:4      | Found Aqunem's Jewellery Boutique.
  2778 | D:4      | Bought a cursed ring of teleportation for 49 gold pieces
  2778 | D:4      | Bought a cursed amulet of inaccuracy for 22 gold pieces
  2792 | D:4      | Noticed a centaur
  2805 | D:4      | Killed a centaur
  2805 | D:4      | Reached XP level 6. HP: 30/48 MP: 6/6
  3026 | D:4      | Noticed Natasha
  3054 | D:4      | Killed Natasha
  3105 | D:4      | Noticed Natasha
  3146 | D:4      | Killed Natasha
  3573 | D:4      | Noticed Natasha
  3579 | D:4      | Killed Natasha
  3695 | D:5      | Entered Level 5 of the Dungeon
  3695 | D:5      | Noticed Prince Ribbit
  4016 | D:5      | Killed Prince Ribbit
  4016 | D:5      | Gained mutation: You have a pair of small horns on your head. [demonic ancestry]
  4016 | D:5      | Reached XP level 7. HP: 26/54 MP: 7/7
  4183 | D:5      | Noticed Pikel
  4204 | D:5      | Mangled by Pikel

Vault maps used:
D:1:      dpeg_arrival_line_fractal
D:2:      marbit_many_paths
D:3:      first_bread
D:4:      serial_shops, shop, hangedman_decor_riveting, minmay_surrounded,
          uniq_natasha
D:5:      wad_pebble_path, serial_shops, nicolae_shop_stone,
          minmay_crystal_water, kennysheep_generic_room_8, uniq_prince_ribbit1,
          uniq_pikel

Skill      XL: |  1  2  3  4  5  6 |
---------------+-------------------+-----
Armour         | 1 2 3 4 |  4.8
Dodging        | 3 4 |  4.2
Fighting       | 4 |  4.0
Axes           | 3 4 |  4.6
Stealth        | |  1.7

Action                   |  1- 3 |  4- 6 |  7- 9 || total
-------------------------+-------+-------+-------++-------
Melee: Hand axe          |   113 |       |       ||   113
       Whip              |    13 |   182 |    15 ||   210
       Headbutt          |       |       |     3 ||     3
  Use: Scroll            |     1 |       |       ||     1
       Potion            |       |     2 |     1 ||     3
 Stab: Sleeping          |     4 |       |       ||     4
  Eat: Chunk             |     2 |     8 |     1 ||    11
Armor: Robe              |     4 |       |       ||     4
       Ring mail         |    37 |    52 |     5 ||    94
Dodge: Dodged            |    64 |   129 |     9 ||   202

Table legend:
 A = Spawn XP
 B = Non-spawn XP
 C = Spawn XP percentage of total XP
 D = Spawn monster count
 E = Non-spawn monster count
 F = Spawn count percentage of total count
 G = Total turns spent on level
                    A         B        C        D         E        F      G
               +---------+---------+-------+---------+---------+-------+---------
         Total |       0 |    1053 |   0.0 |       0 |      83 |   0.0 |  4204
               +---------+---------+-------+---------+---------+-------+---------
           D:1 |       0 |      27 |   0.0 |       0 |      18 |   0.0 |   726
           D:2 |       0 |      73 |   0.0 |       0 |      25 |   0.0 |  1081
           D:3 |       0 |     159 |   0.0 |       0 |      22 |   0.0 |   902
           D:4 |       0 |     371 |   0.0 |       0 |      11 |   0.0 |  1241
           D:5 |       0 |     423 |   0.0 |       0 |       7 |   0.0 |   254
               +---------+---------+-------+---------+---------+-------+---------
